 Dungeon Crawl Stone Soup version 0.22-a0-880-gb7b0c8b (webtiles) character file.

24 Kuinu the Firebug (level 2, 0/20 HPs)
             Began as a Draconian Fire Elementalist on July 30, 2018.
             Slain by a bat (1 damage)
             ... on level 2 of the Dungeon.
             The game lasted 00:02:23 (1159 turns).

Kuinu the Firebug (Draconian Fire Elementalist)     Turns: 1159, Time: 00:02:24

Health: 0/20       AC:  0    Str: 10    XL:     2   Next: 79%
Magic:  5/5        EV: 12    Int: 15    God:
Gold:   96         SH:  0    Dex: 11    Spells: 2/5 levels left

rFire    . . .     SeeInvis .   f - +0 dagger
rCold    . . .     Gourm    .   (no shield)
rNeg     . . .     Faith    .   (armour unavailable)
rPois    .         Spirit   .   (helmet restricted)
rElec    .         Reflect  .   (no cloak)
rCorr    .         Harm     .   (no gloves)
MR       .....                  (no boots)
Stlth    ++........             (no amulet)
HPRegen  0.06/turn              j - -4 ring of protection (curse)
MPRegen  0.09/turn              (no ring)

@: no status effects
A: unfitting armour, cold-blooded, AC +4
a: no special abilities


You were on level 2 of the Dungeon.
You were not hungry.

You visited 1 branch of the dungeon, and saw 2 of its levels.

You collected 96 gold pieces.

Inventory:

Hand Weapons
 d - a +0 spear
 f - a +0 dagger (weapon)
Jewellery
 j - a cursed -4 ring of protection (left hand)
Potions
 a - a potion of mutation {unknown}
 c - a potion of resistance {unknown}
 g - a potion of curing {unknown}
 i - 4 potions of heal wounds {unknown}
Comestibles
 b - 4 rations


   Skills:
 - Level 1.7 Dodging
 + Level 2.1 Stealth
 * Level 2.3 Spellcasting
 * Level 1.6 Conjurations
 * Level 3.3 Fire Magic


You had 2 spell levels left.
You knew the following spells:

 Your Spells              Type           Power        Failure   Level  Hunger
a - Flame Tongue          Conj/Fire      #....        8%          1    #......
b - Throw Flame           Conj/Fire      #.....       12%         2    ###....

Your spell library contained the following spells:

 Spells                   Type           Power        Failure   Level  Hunger
 Fireball                 Conj/Fire      #.........   91%         5    ######.
 Conjure Flame            Conj/Fire      #.......     22%         3    ###....
 Sticky Flame             Conj/Fire      #.......     58%         4    #####..
 Inner Flame              Hex/Fire       #.......     32%         3    ###....


Dungeon Overview and Level Annotations

Branches:
Dungeon (2/15)

Altars:


Innate Abilities, Weirdness & Mutations

Your plain brown scales are hard. (AC +4)
You cannot fit into any form of body armour.
You are cold-blooded and may be slowed by cold attacks.


Message History

The bat closely misses you.
You see here 12 gold pieces.
You now have 96 gold pieces (gained 12).
The bat misses you. The bat hits you.
* * * LOW HITPOINT WARNING * * *
The ooze hits you.
* * * LOW HITPOINT WARNING * * *
The bat barely misses you.
Found a stone staircase leading down.
The bat misses you.
The ooze jiggles.
The bat misses you. The bat misses you. The bat hits you.
* * * LOW HITPOINT WARNING * * *
The bat hits you.
* * * LOW HITPOINT WARNING * * *
The bat misses you. The bat hits you.
You die...

.# #......####......#
.. #................# .
...#................#..
...b...................
......................
..............J.......
........)...(....#...
......######..b.# .....
#...@# ... #....#
#....# #....# #....#
#....# ######


You could see an ooze and a bat.

Vanquished Creatures
  An ooze (D:1)
  2 leopard geckos (D:1)
  A giant cockroach (D:1)
  A goblin (D:1)
  3 hobgoblins (D:1)
  2 jackals (D:1)
  5 kobolds (D:1)
  A bat (D:1)
  A rat (D:1)
17 creatures vanquished.

Notes
Turn   | Place    | Note
-------+----------+-------------------------------------------
     0 | D:1      | Kuinu the Draconian Fire Elementalist began the quest for the Orb.
     0 | D:1      | Reached XP level 1. HP: 14/14 MP: 3/3
   206 | D:1      | Reached XP level 2. HP: 16/20 MP: 1/5
   215 | D:1      | Learned a level 2 spell: Throw Flame
  1157 | D:2      | HP: 1/20 [bat (1)]
  1159 | D:2      | Slain by a bat

Vault maps used:
D:1:      minmay_arrival_widening_spiral_wide
D:2:      minmay_hexomino_f4

Skill      XL: |  1 |
---------------+----+-----
Stealth        | 2 |  2.1
Dodging        | |  1.7
Spellcasting   | |  2.3
Conjurations   | |  1.6
Fire Magic     | |  3.3

Action                   || total
-------------------------++-------
Melee: Dagger            ||    27
       Unarmed           ||     3
       Tailslap          ||     2
 Cast: Flame Tongue      ||    22
       Throw Flame       ||     1
  Use: Scroll            ||     2
  Eat: Chunk             ||     1
Armor: Skin              ||    10
Dodge: Dodged            ||    44

Table legend:
 A = Spawn XP
 B = Non-spawn XP
 C = Spawn XP percentage of total XP
 D = Spawn monster count
 E = Non-spawn monster count
 F = Spawn count percentage of total count
 G = Total turns spent on level
                    A         B        C        D         E        F      G
               +---------+---------+-------+---------+---------+-------+---------
         Total |       0 |      35 |   0.0 |       0 |      17 |   0.0 |  1159
               +---------+---------+-------+---------+---------+-------+---------
           D:1 |       0 |      35 |   0.0 |       0 |      17 |   0.0 |  1130
               +---------+---------+-------+---------+---------+-------+---------
